 Dungeon Crawl Stone Soup version 0.30.1-9-gdf580d7c3d (webtiles) character file.

Game seed: 15188419360835755703

86698 Amplified the Fencer (level 16, -4/127 HPs)
             Began as a Formicid Delver on Oct 12, 2023.
             Was the Champion of Zin.
             Slain by a death knight
             ... wielding a +2 battleaxe of electrocution
              (14 damage)
             ... on level 14 of the Dungeon on Oct 14, 2023.
             The game lasted 01:06:45 (32957 turns).

Amplified the Fencer (Formicid Delver)             Turns: 32957, Time: 01:06:45

Health: -4/127     AC: 19    Str: 27    XL:     16   Next: 35%
Magic:  22/22      EV: 12    Int:  9    God:    Zin [******]
Gold:   38         SH: 14    Dex: 17    Spells: 13/15 levels left

rFire   . . .        B - +7 triple sword (heavy)
rCold   + . .        J - +0 kite shield
rNeg    + . .        y - +0 swamp dragon scales
rPois   +            (helmet unavailable)
rElec   .            H - +2 cloak {rCorr}
rCorr   +            p - +0 pair of gloves {Str+3}
SInv    +            a - +1 pair of boots of Qoesocul {rC+ Slay+6}
Will    +....        s - amulet of the acrobat
Stlth   ++++         d - +4 ring of protection
HPRegen 0.41/turn    x - ring of positive energy
MPRegen 0.18/turn

%: acrobat
@: on recite cooldown, studying Fire Magic
A: permanent stasis, dig shafts and tunnels, antennae 3, four strong arms
a: Dig, Shaft Self, Renounce Religion, Recite, Vitalisation, Imprison,
Sanctuary, Donate Gold


You were on level 14 of the Dungeon.
You worshipped Zin.
Zin was exalted by your worship.
You visited 4 branches of the dungeon, and saw 23 of its levels.
You visited the Abyss 1 time.

You collected 2381 gold pieces.
You spent 2106 gold pieces at shops.
You donated 237 gold pieces to Zin.

Inventory:

Hand Weapons
 g - the +6 falchion of Demonkind {venom, rC++}
   (You bought it in a shop on level 10 of the Dungeon)

   rC:        It greatly protects you from cold.
 i - the +2 falchion "Luleusah" {flame, rCorr Int+3 Dex+3}
   (You found it on level 14 of the Dungeon)

   Int:       It affects your intelligence (+3).
   Dex:       It affects your dexterity (+3).
   rCorr:     It protects you from acid and corrosion.
 B - a +7 heavy triple sword (weapon)
Missiles
 t - 2 throwing nets (quivered)
Armour
 a - the +1 pair of boots of Qoesocul (worn) {rC+ Slay+6}
   (You bought it in a shop on level 13 of the Dungeon)

   Slay:      It affects your accuracy & damage with ranged weapons and melee
   (+6).
   rC:        It protects you from cold.
 j - a +2 troll leather armour {Snorg}
 k - +0 steam dragon scales
 p - a +0 pair of gloves of strength (worn)
 u - a +0 tower shield
 y - +0 swamp dragon scales (worn)
 H - a +2 cloak of preservation (worn)
 J - a +0 kite shield (worn)
Jewellery
 b - a ring of flight
 d - a +4 ring of protection (left hand)
 e - a ring of protection from cold
 h - a ring of resist corrosion
 m - a ring of positive energy
 s - an amulet of the acrobat (around neck)
 x - a ring of positive energy (right hand)
 A - a ring of willpower
 S - a ring of protection from cold
Wands
 f - a wand of digging (14)
 l - a wand of roots (2)
 r - a wand of flame (20)
Scrolls
 c - a scroll of fog
 C - a scroll of silence
 D - 10 scrolls of identify
 L - 2 scrolls of immolation
 N - 3 scrolls of vulnerability
 O - a scroll of amnesia
 T - a scroll of brand weapon
Potions
 n - 2 potions of attraction
 o - 2 potions of cancellation
 q - 2 potions of brilliance
 v - 3 potions of heal wounds
 w - a potion of magic
 z - 2 potions of mutation
 K - a potion of curing


   Skills:
 * Level 11.8 Fighting
 * Level 16.6 Long Blades
 - Level 8.0 Polearms
 - Level 5.8 Armour
 - Level 4.0 Dodging
 - Level 9.7 Stealth
 - Level 15.5 Shields
 * Level 12.8 Fire Magic
 + Level 8.0 Invocations


You had 13 spell levels left.
You knew the following spells:

 Your Spells              Type           Power      Damage    Failure   Level
a - Apportation           Tloc           0%         N/A       63%         1
b - Summon Small Mammal   Summ           0%         N/A       63%         1

Your spell library contained the following spells:

 Spells                   Type           Power      Damage    Failure   Level
 Ignite Poison            Fire/Tmut/Pois 7%         N/A       38%         3
 Magic Dart               Conj           0%         1d3       63%         1
 Necrotise                Necr           0%         1d4       63%         1
 Slow                     Hex            0%         N/A       63%         1
 Sting                    Tmut/Pois      0%         1d3       63%         1
 Cigotuvi's Dreadful Rot  Necr/Pois/Air  0%         N/A       77%         2
 Ensorcelled Hibernation  Hex/Ice        0%         N/A       77%         2
 Lesser Beckoning         Tloc           0%         N/A       77%         2
 Poisonous Vapours        Pois/Air       0%         N/A       77%         2
 Searing Ray              Conj           0%         2d4       77%         2
 Static Discharge         Conj/Air       0%         2-2/arc   77%         2
 Sublimation of Blood     Necr           0%         N/A       77%         2
 Wereblood                Tmut           0%         N/A       77%         2
 Call Canine Familiar     Summ           0%         N/A       94%         3
 Confusing Touch          Hex            0%         N/A       94%         3
 Gell's Gravitas          Tloc           0%         N/A       94%         3
 Portal Projectile        Hex/Tloc       0%         N/A       94%         3
 Spider Form              Tmut/Pois      0%         N/A       94%         3
 Stone Arrow              Conj/Erth      0%         3d7       94%         3
 Summon Guardian Golem    Hex/Summ       0%         N/A       94%         3
 Teleport Other           Tloc           0%         N/A       94%         3
 Tukima's Dance           Hex            0%         N/A       94%         3
 Vampiric Draining        Necr           0%         2d6       94%         3
 Airstrike                Air            0%         2d(0-16)  100%        4
 Anguish                  Hex/Necr       0%         N/A       100%        4
 Animate Armour           Summ/Erth      0%         N/A       100%        4
 Fulminant Prism          Conj/Hex       0%         3d5       100%        4
 Leda's Liquefaction      Hex/Erth       0%         N/A       100%        4
 Olgreb's Toxic Radiance  Pois           0%         N/A       100%        4
 Summon Lightning Spire   Summ/Air       0%         N/A       100%        4
 Agony                    Necr           0%         N/A       100%        5
 Blade Hands              Tmut           0%         N/A       100%        5
 Freezing Cloud           Conj/Ice/Air   0%         6-21      100%        5
 Dispersal                Tloc           0%         N/A       100%        6
 Summon Hydra             Summ           0%         N/A       100%        7
 Lehudib's Crystal Spear  Conj/Erth      0%         10d2      100%        8


Dungeon Overview and Level Annotations

Branches:
Dungeon (15/15)            Temple (1/1) D:6            Lair (5/5) D:11
 Shoals (0/4) Lair:3        Snake (0/4) Lair:2        Slime (0/5) Lair:5
    Orc (2/2) D:9             Elf (0/3) Orc:2        Vaults (0/5) D:13
 Depths (0/4) D:15

Altars:
Ashenzari
Cheibriados
Dithmenos
Elyvilon
Fedhas
Gozag
Hepliaklqana
Kikubaaqudgha
Makhleb
Nemelex Xobeh
Okawaru
Qazlal
Ru
Sif Muna
Trog
Uskayaw
Vehumet
Wu Jian
Xom
Yredelemnul
Zin
The Shining One

Shops:
D:9 (   D:10 (   D:13 [=[=   Orc:2 ?:(

Annotations:
D:9 Drophatch only
D:10 Lodul
D:11 Only bad choices down and uå
D:13 Nice
D:14 Save for Cheibriados boogaloo
Lair:1 2 transporters
Lair:5 Rupert
Orc:1 Find gear


Innate Abilities, Weirdness & Mutations

You cannot be hasted, slowed, berserked, paralysed or teleported.
You can dig through walls and to a lower floor.
You have a pair of large antennae on your head. (SInv)
Your four strong arms can wield two-handed weapons with a shield.


Message History

Roots grab the death knight.
The wraith is unaffected.
The grasping roots constrict the death knight.
The death knight struggles to escape constriction.
Activating: Recite (0% risk of failure)
Press: ? - help, Dir - look around, f - activate You clear your throat and prepare to recite. "Zin descended from on high in a silver chariot..."
The death knight is limned with silver light.
The death knight shouts!
The freezing wraith is limned with silver light.
The grasping roots constrict the death knight.
The roots release their grip on the death knight.
Unknown command.
Unknown command.
You slice the death knight!!
The death knight is moderately wounded. "...to expel the hordes of the Abyss for their..."
The death knight hits you with a +2 battleaxe of electrocution!
Unknown command.
You barely miss the death knight.
The death knight is moderately wounded. "...discord, and thus judgement was rendered."
You finish reciting Abominations 26:40.
You block the death knight's attack.
The death knight hits you with a +2 battleaxe of electrocution!
You are electrocuted!
You barely miss the death knight.
The death knight is moderately wounded.
The death knight hits you with a +2 battleaxe of electrocution!
* * * LOW HITPOINT WARNING * * *
Unknown command.
Okay, then.
Are you sure you want to shaft yourself?
The death knight offers itself to Yredelemnul, and fills with unholy energy.
You begin to dig a shaft.
You continue digging a shaft.
The death knight hits you with a +2 battleaxe of electrocution!!
* * * LOW HITPOINT WARNING * * *
You are electrocuted!
You die...

.# ##.## #^...P##.##.# .#
#.# #PPP^.#####.# .# #.#
#######.....# .# ##'## #.#.#
####.## .### ##..>##
#.#.#### #.# ...# ##....^##
#......# #.# ...###.......##
###[##.# #.#
...##.........####...#.###.#
....'........WWp@.....>(...#
...##.........####...#[#####
######.......## ##.##.# #
##.....## ####.# # ##...##
####.##### # ##'##
#........# ## #.# #.##.###.#
.# #.# #######.##.# #.# .#
##.###.......##)# #.#


You could see a death knight (reflects damage, corona), a freezing wraith
(corona) and a wraith.

Vanquished Creatures
  Donald (Orc:2)
  Louise (D:14)
  A stone giant (D:15)
  Snorg (D:14)
  3 entropy weavers (Lair:4)
  4 hydras
  Erolcha (D:9)
  6 centaur warriors
  2 ghost crabs (Lair:4)
  3 two-headed ogres
  6 death yaks
  2 catoblepae
  3 boulder beetles
  3 tengu warriors
  4 orc high priests (Orc:2)
  Sonja (Lair:4)
  The ghost of Madon the Nimble, a journeyman FeSu of Gozag (Lair:3)
  Nergalle (Lair:1)
  4 skeletal warriors
  A skyshark (Lair:5)
  A goliath frog (Lair:5)
  5 fire crabs (Lair:4)
  A deep troll (D:11)
  4 orc knights (Orc:2)
  An orc sorcerer (Orc:1)
  An ugly thing (D:13)
  3 deep elf pyromancers
  3 cyclopes
  4 manticores
  13 elephants
  Joseph (D:9)
  3 black mambas
  A gargoyle (D:13)
  Maggie (D:9)
  9 cane toads
  9 komodo dragons
  An efreet (D:14)
  A rime drake (Lair:3)
  A rime drake (shapeshifter) (D:14)
  2 unseen horrors
  4 yaktaurs (D:15)
  2 tengu conjurers
  5 trolls
  A meliai (shapeshifter) (D:14)
  3 polar bears
  2 tyrant leeches (Lair:5)
  16 blink frogs
  18 slime creatures
  3 shadows
  A spriggan (shapeshifter) (D:13)
  5 wraiths
  3 basilisks
  33 yaks
  9 wyverns
  2 steam dragons
  Edmund (D:5)
  4 vampire mosquitoes (Lair:5)
  Menkaure (D:5)
  6 nagas (Lair:2)
  4 wargs (Orc:1)
  An acid dragon (D:9)
  11 water moccasins
  Duvessa (D:7)
  33 orc warriors
  4 ice beasts
  A black bear (D:11)
  3 sky beasts (D:6)
  8 wolves
  5 ogres
  12 centaurs
  Blork the orc (D:4)
  A kobold brigand (D:9)
  17 bullfrogs
  5 gnoll sergeants
  2 scorpions
  Dowan (D:7)
  9 killer bees
  2 electric eels
  3 vampire bats (Orc:2)
  2 howler monkeys
  9 hounds
  26 orc priests
  A jelly (D:7)
  3 gnoll boudas (D:10)
  Crazy Yiuf (D:7)
  A sleepcap (D:5)
  4 iguanas
  20 orc wizards
  39 gnolls
  8 adders
  2 shadow imps (D:7)
  2 ufetubi
  4 worms
  A dart slug (D:1)
  78 orcs
  11 bats
  4 endoplasms
  2 giant cockroaches
  8 goblins
  12 hobgoblins
  7 jackals
  17 kobolds
  4 quokkas
  9 ball pythons
  4 frilled lizards
  9 rats
645 creatures vanquished.

Vanquished Creatures (collateral kills)
  An ironbound preserver (D:13)
  A centaur warrior (D:13)
  An orc high priest (Orc:2)
  2 deep elf pyromancers (D:13)
  A kobold demonologist (D:13)
  Grinder (D:5)
  A jumping spider (shapeshifter) (D:13)
8 creatures vanquished.

Vanquished Creatures (others)
  A centaur (D:12)
  An orc wizard (D:5)
2 creatures vanquished.

Grand Total: 655 creatures vanquished

Notes
Turn   | Place    | Note
-------+----------+-------------------------------------------
     0 | D:5      | Amplified the Formicid Delver began the quest for the Orb.
     0 | D:5      | Reached XP level 1. HP: 18/18 MP: 1/1
    34 | D:5      | Noticed a scorpion
   105 | D:5      | Noticed Grinder
   131 | D:4      | Reached XP level 2. HP: 24/24 MP: 2/2
   156 | D:4      | Found a blossoming altar of Fedhas.
   518 | D:3      | Reached skill level 1 in Armour
   585 | D:3      | Reached XP level 3. HP: 29/29 MP: 3/3
   801 | D:3      | Reached XP level 4. HP: 37/37 MP: 4/4
   857 | D:3      | Learned a level 1 spell: Apportation
  1123 | D:1      | Found a faded altar of an unknown god.
  1713 | D:1      | Reached XP level 5. HP: 42/42 MP: 5/5
  2544 | D:4      | Noticed Blork the orc
  2558 | D:4      | Killed Blork the orc
  2559 | D:4      | Reached XP level 6. HP: 49/49 MP: 6/6
  2981 | D:5      | Noticed Menkaure
  2991 | D:5      | You fall into a shaft and drop 1 floor!
  3281 | D:5      | Learned a level 1 spell: Summon Small Mammal
  3299 | D:5      | Killed Grinder
  3300 | D:5      | Reached skill level 5 in Fighting
  3300 | D:5      | Reached XP level 7. HP: 56/56 MP: 5/7
  3483 | D:5      | You fall into a shaft and drop 2 floors!
  3568 | D:6      | Noticed a water moccasin
  3653 | D:6      | Reached XP level 8. HP: 63/63 MP: 8/8
  3999 | D:5      | Killed Menkaure
  4125 | D:5      | Reached skill level 5 in Polearms
  4174 | D:5      | Found a snail-covered altar of Cheibriados.
  4272 | D:5      | Noticed Edmund
  4291 | D:5      | Killed Edmund
  4538 | D:5      | Reached XP level 9. HP: 70/71 MP: 9/9
  5103 | D:6      | Found a staircase to the Ecumenical Temple.
  5119 | Temple   | Entered the Ecumenical Temple
  5353 | Temple   | Became a worshipper of Zin the Law-Giver
  5353 | Temple   | Reached * piety under Zin
  5353 | Temple   | Reached ** piety under Zin
  5499 | D:7      | Reached skill level 1 in Invocations
  5697 | D:7      | Noticed Dowan
  5699 | D:7      | Noticed Duvessa
  5981 | D:8      | Reached XP level 10. HP: 64/80 MP: 12/12
  6248 | D:8      | Reached skill level 5 in Armour
  7046 | D:9      | You fall into a shaft and drop 1 floor!
  7046 | D:10     | Entered Level 10 of the Dungeon
  7070 | D:10     | Reached skill level 5 in Invocations
  7544 | D:9      | Noticed Joseph
  7563 | D:9      | Killed Joseph
  7574 | D:9      | Noticed Maggie
  7583 | D:9      | Killed Maggie
  8077 | D:9      | Found a staircase to the Orcish Mines.
  8084 | D:9      | Found Teman's Weapon Shoppe.
  8148 | D:9      | Noticed Erolcha
  8319 | D:9      | Killed Erolcha
  8320 | D:9      | Reached skill level 3 in Long Blades
  8320 | D:9      | Reached XP level 11. HP: 19/89 MP: 15/15
  8912 | D:9      | Reached skill level 4 in Long Blades
  9014 | D:10     | Noticed Lodul
  9383 | D:10     | Found an iron altar of Okawaru.
  9420 | D:10     | Reached skill level 5 in Long Blades
  9431 | D:10     | Found Mewoum's Antique Weapon Emporium.
  9459 | D:10     | Reached skill level 6 in Long Blades
  9496 | D:10     | Bought a jewelled falchion for 224 gold pieces
  9496 | D:10     | Identified the +6 falchion of Demonkind {venom, rC++} (You
                  | bought it in a shop on level 10 of the Dungeon)
  9520 | D:10     | Reached skill level 7 in Long Blades
  9673 | D:10     | You fall into a shaft and drop 2 floors!
  9900 | D:12     | Noticed a skeletal warrior
  9900 | D:12     | Noticed a skeletal warrior
  9951 | D:12     | Noticed a cyclops
 10141 | D:11     | Reached skill level 8 in Long Blades
 10378 | D:11     | Found a staircase to the Lair.
 10419 | D:11     | Noticed a boulder beetle
 10436 | D:11     | Killed a boulder beetle
 10437 | D:11     | Reached skill level 9 in Long Blades
 11035 | D:11     | Noticed a deep troll
 11271 | D:10     | Noticed a two-headed ogre
 11518 | D:10     | HP: 2/84 [gnoll sergeant/+3 heavy trident (10)]
 11806 | D:10     | Found a sacrificial altar of Ru.
 12022 | D:10     | Killed a two-headed ogre
 12023 | D:10     | Reached skill level 10 in Long Blades
 12286 | D:10     | Reached XP level 12. HP: 69/86 MP: 16/16
 12753 | D:7      | Killed Duvessa
 12772 | D:7      | Killed Dowan
 12923 | D:7      | Found a runed translucent door.
 12924 | D:7      | Noticed Crazy Yiuf
 13116 | D:7      | Reached *** piety under Zin
 13277 | D:7      | Killed Crazy Yiuf
 13464 | D:11     | Reached skill level 11 in Long Blades
 13961 | D:11     | You fall into a shaft and drop 3 floors!
 14230 | D:14     | Reached skill level 1 in Shields
 14275 | D:14     | Noticed a centaur warrior
 14286 | D:14     | Killed a centaur warrior
 14318 | D:14     | Noticed a tengu warrior
 14350 | D:12     | Noticed a skeletal warrior
 14365 | D:12     | You fall into a shaft and drop 2 floors!
 14599 | D:14     | Noticed a centaur warrior
 14608 | D:14     | HP: 1/95 [centaur warrior/arrow (4)]
 14629 | D:14     | Killed a centaur warrior
 14630 | D:14     | Reached skill level 12 in Long Blades
 14959 | D:14     | Noticed Snorg
 15083 | D:15     | Entered Level 15 of the Dungeon
 15083 | D:15     | Noticed a catoblepas
 15134 | D:14     | Identified the +2 falchion "Luleusah" {flame, rCorr Int+3
                  | Dex+3}
 15174 | D:13     | Noticed a centaur warrior
 15239 | D:14     | Reached skill level 5 in Shields
 15550 | D:14     | Noticed Louise
 15560 | D:13     | Noticed a centaur warrior
 15560 | D:13     | Found Miekhoj's Antique Armour Boutique.
 15579 | D:13     | Killed a centaur warrior
 15593 | D:13     | Found Muleimad's Jewellery Boutique.
 15615 | D:13     | Reached **** piety under Zin
 15789 | D:13     | Found Wuossega's Jewellery Shoppe.
 15801 | D:12     | Noticed a skeletal warrior
 15821 | D:13     | Noticed a centaur warrior
 15860 | D:13     | Noticed a two-headed ogre
 15872 | D:13     | Killed a two-headed ogre
 16031 | D:13     | Killed a centaur warrior
 16158 | D:13     | Reached XP level 13. HP: 87/101 MP: 17/17
 16299 | D:13     | Reached skill level 13 in Long Blades
 16413 | D:13     | Found Veklomuo's Armour Boutique.
 16603 | D:12     | You fall into a shaft and drop 1 floor!
 16818 | D:11     | You fall into a shaft and drop 3 floors!
 16961 | D:14     | Killed Snorg
 17136 | D:14     | Found a sacrificial altar of Ru.
 17177 | D:14     | You fall into a shaft and drop 1 floor!
 17501 | D:15     | Noticed a seven-headed hydra
 17514 | D:15     | Killed a one-headed hydra
 17515 | D:15     | Reached skill level 10 in Shields
 18032 | D:15     | Killed a catoblepas
 18317 | D:15     | Reached skill level 14 in Long Blades
 18575 | D:14     | Identified a scroll of acquirement
 18576 | D:14     | Acquired a manual of Fire Magic
 18852 | Orc:1    | Entered Level 1 of the Orcish Mines
 19325 | D:9      | Bought a +4 heavy triple sword for 560 gold pieces
 19442 | Lair:1   | Entered Level 1 of the Lair of Beasts
 19521 | Lair:1   | Reached skill level 1 in Fire Magic
 19726 | Lair:1   | Noticed Nergalle
 19732 | Lair:1   | Killed Nergalle
 19942 | Lair:1   | Reached ***** piety under Zin
 19986 | Lair:1   | Found a transporter.
 20415 | Lair:1   | Found a transporter.
 21065 | Lair:2   | Reached XP level 14. HP: 87/108 MP: 18/18
 21088 | Lair:2   | Reached skill level 5 in Fire Magic
 21669 | Lair:2   | Found a staircase to the Snake Pit.
 22058 | Lair:3   | Found a transporter.
 22066 | Lair:3   | Found a transporter.
 22171 | Lair:3   | Reached skill level 10 in Fighting
 22647 | Lair:3   | Found a staircase to the Shoals.
 23307 | Lair:3   | Noticed Madon's ghost (journeyman FeSu)
 23401 | Lair:4   | Reached skill level 15 in Long Blades
 23813 | Lair:4   | Found a runed translucent door.
 24018 | Lair:4   | Noticed Sonja
 24046 | Abyss:2  | Cast into level 2 of the Abyss (Sonja)
 24132 | Abyss:3  | Noticed a starcursed mass
 24143 | Lair:4   | Escaped the Abyss
 24145 | Lair:4   | Killed Sonja
 24724 | Lair:5   | Entered Level 5 of the Lair of Beasts
 25084 | Lair:5   | Noticed Rupert
 25462 | Orc:1    | Reached ****** piety under Zin
 25857 | Orc:2    | Entered Level 2 of the Orcish Mines
 25973 | Orc:2    | Reached XP level 15. HP: 118/118 MP: 19/19
 25973 | Orc:2    | Noticed Donald
 26202 | Orc:2    | Killed Donald
 27395 | Orc:2    | Reached skill level 10 in Fire Magic
 27659 | Orc:2    | Found a staircase to the Elven Halls.
 28239 | Orc:2    | Found Kyurhou's Weapon Shoppe.
 28239 | Orc:2    | Found Yshaj's Magic Scroll Shoppe.
 28240 | Orc:2    | Found Nenawupt's General Store.
 28240 | Orc:2    | Found Qudaecza's Book Emporium.
 28701 | Lair:3   | Killed Madon's ghost
 29164 | Lair:4   | Reached skill level 16 in Long Blades
 29731 | Lair:5   | Reached skill level 15 in Shields
 30505 | D:12     | Reached XP level 16. HP: 50/126 MP: 21/21
 30510 | D:12     | You fall into a shaft and drop 3 floors!
 30836 | D:15     | Found a staircase to the Depths.
 31070 | D:14     | Killed Louise
 31993 | D:13     | Found a gate to the Vaults.
 32031 | D:13     | Found Hadovvun's Armour Shop.
 32051 | D:13     | Bought the +1 pair of boots of Qoesocul {rC+ Slay+6} for
                  | 730 gold pieces
 32051 | D:13     | Bought a +0 pair of gloves of strength for 172 gold pieces
 32887 | D:13     | Bought an amulet of the acrobat for 420 gold pieces
 32957 | D:14     | Slain by a death knight

Illustrated notes

Levels and vault maps discovered:
D:1:      evilmike_arrival_home_sweet_home, layout_loops_ring,
          chequers_ecumenical_altar_simple, minmay_cut_off
D:2:      layout_rooms, corexii_leaking_fountain, kennysheep_decorative_pillar,
          minmay_misc_feat_roman, minmay_heptomino_w4
D:3:      layout_rooms
D:4:      layout_basic, mainiacjoe_overflow_boulevard, uniq_blork_the_orc
D:5:      minmay_evil_eye, layout_gridville, amcnicky_altar_gilded,
          uniq_grinder, uniq_menkaure, uniq_edmund
D:6:      layout_gridville, minmay_temple_entry_offerings
D:7:      layout_basic, serial_glass, glass_columns_a, glass_columns_b,
          minmay_statues_item, uniq_duvessa, uniq_crazy_yiuf_cottage
D:8:      layout_loops_cross
D:9:      layout_grid_maze, orc_0_dummy, serial_shops, shop,
          reono_crystal_passage, uniq_joseph, uniq_erolcha, uniq_maggie
D:10:     layout_big_octagon, mainiacjoe_overflow_swirl, serial_gnoll_camp,
          gnoll_camp_mini_shop, gnoll_camp_medium_01, gnoll_camp_mini_hut,
          gnoll_camp_huts_moat, uniq_lodul
D:11:     dreamdust_cave_troll, layout_loops_ring, minmay_lair_entry_grove
D:12:     layout_rooms
D:13:     layout_basic, skrybe_vaults_entry_preservation, serial_shops,
          shop_coins, nicolae_shop_hallway_stairs, shop, shop, shop
D:14:     layout_loops_corners, nicolae_ru_the_path_less_chosen, serial_glass,
          glass_columns_a, glass_columns_a, minmay_hedge_maze, uniq_snorg,
          uniq_louise
D:15:     grunt_enter_depths_snipers, layout_loops_ring, kennysheep_doodads,
          chequers_mini_garden
Temple:   mainiacjoe_temple_bowtie_tessellation
Lair:1:   gammafunk_cloud_chamber, layout_long_grid, grunt_megastairs_3,
          serial_bayou_shore_a, lemuel_fruit_fields,
          infiniplex_staircase_pool_2, uniq_nergalle
Lair:2:   layout_layer_cave, minmay_snake_entry_guardpost_medium,
          lemuel_fruit_fields
Lair:3:   layout_layer_cave, elwin_shoals_entry_rocks, nzn_ghost_randoct,
          grunt_megastairs_4
Lair:4:   gammafunk_mikee_crab_dinner, layout_loops_ring, beast_lair_carwin_6,
          uniq_sonja
Lair:5:   minmay_lair_end_frog_pond, layout_regular_city, slime_entry_1,
          uniq_rupert
Orc:1:    layout_caves, nooodl_orcs_dogs
Orc:2:    st_orc_pillars, layout_diamond_mine, basic_altar, roderic_batcave,
          uniq_donald

Skill      XL: |  1  2  3  4  5  6  7  8  9 10 11 12 13 14 15 16 |
---------------+-------------------------------------------------+-----
Armour         | 1 2 3 4 5 |  5.8
Fighting       | 4 5 6 8 9 11 | 11.8
Polearms       | 3 4 5 6 8 |  8.0
Stealth        | 7 8 9 |  9.7
Dodging        | 3 4 |  4.0
Invocations    | 3 6 7 8 |  8.0
Long Blades    | 3 10 12 14 15 16 | 16.6
Shields        | 7 11 13 15 | 15.5
Fire Magic     | 4 8 11 12 | 12.8

Action                     |  1- 3 |  4- 6 |  7- 9 | 10-12 | 13-15 | 16-18 || total
---------------------------+-------+-------+-------+-------+-------+-------++-------
  Melee: Spear             |    84 |   195 |    32 |       |       |       ||   311
         Punch             |     1 |       |    12 |    12 |       |       ||    25
         Trident           |       |    57 |   346 |   232 |       |       ||   635
         Falchion          |       |       |       |   553 |   276 |       ||   829
         Triple sword      |       |       |       |       |   644 |    80 ||   724
  Throw: Throwing net      |       |       |       |    12 |     9 |       ||    21
   Cast: Summon Small Mamm |       |     2 |       |       |       |       ||     2
 Invoke: Vitalisation      |       |       |     1 |     4 |     7 |       ||    12
         Recite            |       |       |       |     4 |     4 |     2 ||    10
         Imprison          |       |       |       |     1 |       |       ||     1
Ability: Dig               |     1 |       |     2 |     6 |     6 |       ||    15
         Shaft Self        |       |     1 |     1 |     4 |     3 |     2 ||    11
  Evoke: Wand              |       |       |       |    38 |    13 |     2 ||    53
    Use: Scroll            |     6 |    10 |     2 |    14 |    14 |     3 ||    49
         Potion            |     1 |     1 |     5 |     8 |     4 |     1 ||    20
   Stab: Sleeping          |     3 |    15 |    10 |    21 |    11 |       ||    60
         Distracted        |     1 |     1 |     1 |     2 |     4 |     3 ||    12
         Invisible         |       |     2 |       |       |       |       ||     2
         Confused          |       |       |       |     2 |       |       ||     2
         Held in net/web   |       |       |       |     8 |     5 |       ||    13
 Armour: Leather armour    |    18 |    66 |   109 |    17 |       |       ||   210
         Swamp dragon scal |       |       |       |   341 |   365 |    49 ||   755
         Steam dragon scal |       |       |       |    28 |       |       ||    28
  Dodge: Dodged            |    38 |    99 |   236 |   482 |   437 |    35 ||  1327
  Block: Kite shield       |       |       |       |    64 |   682 |   104 ||   850
